 Dungeon Crawl Stone Soup version 0.29-a0-553-g81b289dbe5 (webtiles) character file.

Game seed: 7191726713470042941

4 shadowstone the Conjurer (level 1, -2/10 HPs)
             Began as a Gargoyle Conjurer on June 6, 2022.
             Slain by a kobold
             ... wielding a +0 club
              (3 damage)
             ... on level 1 of the Dungeon.
             The game lasted 00:00:40 (112 turns).

shadowstone the Conjurer (Gargoyle Conjurer)         Turns: 112, Time: 00:00:42

Health: -2/10      AC:  4    Str: 10    XL:     1   Next: 60%
Magic:  0/3        EV: 11    Int: 18    God:
Gold:   23         SH:  0    Dex:  8    Spells: 3/4 levels left

rFire   . . .      SeeInvis .   (no weapon)
rCold   . . .      Faith    .   (no shield)
rNeg    + . .      Spirit   .   a - +0 robe
rPois   ∞          Reflect  .   (no helmet)
rElec   +          Harm     .   (no cloak)
rCorr   .          Rampage  .   (no gloves)
Will    .....                   (no boots)
Stlth   ++........              (no amulet)
HPRegen 0.03/turn               (no ring)
MPRegen 0.08/turn               (no ring)

@: no status effects
A: sickness immunity, AC +2, negative energy resistance 1, electricity
resistance, torment resistance 1, petrification resistance
a: no special abilities


You were on level 1 of the Dungeon.
You visited 1 branch of the dungeon, and saw 1 of its levels.

You collected 23 gold pieces.

Inventory:

Armour
 a - a +0 robe (worn)
Scrolls
 c - a scroll of silence {unknown}
 d - a scroll of blinking {unknown}
Potions
 b - a potion of magic
 e - a potion of attraction {unknown}


   Skills:
 + Level 1.5 Dodging
 + Level 2.2 Stealth
 + Level 2.0 Spellcasting
 + Level 4.6 Conjurations


You had 3 spell levels left.
You knew the following spells:

 Your Spells              Type           Power      Damage    Failure   Level
a - Magic Dart            Conj           72%        1d6       2%          1

Your spell library contained the following spells:

 Spells                   Type           Power      Damage    Failure   Level
 Searing Ray              Conj           36%        2d5       4%          2
 Dazzling Flash           Conj/Hex       20%        N/A       22%         3
 Fulminant Prism          Conj/Hex       5%         3d7       56%         4
 Iskenderun's Mystic Bla  Conj/Tloc      10%        2d4       56%         4


Dungeon Overview and Level Annotations

Branches:
Dungeon (1/15)

Altars:


Innate Abilities, Weirdness & Mutations

You are immune to sickness and miasma.
Your stone body is resilient. (AC +2)
You are immune to poison.
You resist negative energy. (rN+)
You are resistant to electric shocks. (rElec)
You are resistant to unholy torment.
You are immune to petrification.


Message History

Magic restored.
Found a puce potion.
Found a stone staircase leading down.
d - a scroll labelled EVAACK HEAKH
e - a puce potion
There is a stone staircase leading down here.
Found 8 gold pieces.
You now have 23 gold pieces (gained 8).
A kobold and a dart slug come into view.
A rat comes into view.
The dart slug closely misses you.
The magic dart hits the dart slug but does no damage.
The dart slug bites you.
The magic dart hits the dart slug.
The dart slug is lightly wounded.
The dart slug closely misses you.
The magic dart hits the dart slug.
The dart slug is heavily wounded.
You are too depleted to draw on your mana recklessly!
You barely miss the dart slug.
The dart slug is heavily wounded.
The kobold shouts!
The dart slug launches a dart at you. The slug dart misses you.
You hit the dart slug but do no damage.
The dart slug is heavily wounded.
The dart slug bites you.
You barely miss the dart slug.
The dart slug is heavily wounded.
The kobold barely misses you.
You completely miss the dart slug.
The dart slug is heavily wounded.
The dart slug bites you but does no damage.
The kobold hits you but does no damage. The rat bites you.
You hit the dart slug.
The dart slug is severely wounded.
The dart slug launches a dart at you. The slug dart hits you.
* * * LOW HITPOINT WARNING * * *
The kobold hits you with a +0 club.
You die...

.≈...##.##########.#
..≈.. #. #.# #.... #
#.# ###.. ########.#
## #......#.#
#......#.#
#......#.#
+....rw#.#
#....K@..#
###.#+####


You could see a dart slug, a kobold and a rat.

Vanquished Creatures
  A bat (D:1)
  An endoplasm (D:1)
  A hobgoblin (D:1)
3 creatures vanquished.

Notes
Turn   | Place    | Note
-------+----------+-------------------------------------------
     0 | D:1      | shadowstone the Gargoyle Conjurer began the quest for the
                  | Orb.
     0 | D:1      | Reached XP level 1. HP: 10/10 MP: 3/3
   112 | D:1      | Slain by a kobold

Illustrated notes

Levels and vault maps discovered:
D:1:      eino_arrival_water_star, layout_basic

Action                   || total
-------------------------++-------
Melee: Unarmed           ||    12
 Cast: Magic Dart        ||     7
Armor: Robe              ||     8
Dodge: Dodged            ||    10

Table legend: (Time is in decaauts)
 A = Elapsed time spent in this place.
 B = Non-inter-level travel time spent in this place.
 C = Inter-level travel time spent in this place.
 D = Time resting spent in this place.
 E = Time spent auto-exploring this place.
 F = Levels seen in this place.
 G = Mean time per level.
                   A        B        C        D        E       F      G
               +--------+--------+--------+--------+--------+-----+--------+
         Total |    116 |    116 |      0 |     21 |      0 |   1 |  116.0 |
       Dungeon |    116 |    116 |      0 |     21 |      0 |   1 |  116.0 |
               +--------+--------+--------+--------+--------+-----+--------+

Top non-repeatable levels by time:
     D:1: 116 daAuts
